 Dungeon Crawl Stone Soup version 0.30-a0-913-g9934a0ce24 (webtiles) character file.

Game seed: 17240775228959009854

585 bande the Chopper (level 7, -3/44 HPs)
             Began as a Gargoyle Fighter on Mar 20, 2023.
             Slain by an ogre
             ... wielding a +0 giant club
              (12 damage)
             ... on level 5 of the Dungeon.
             The game lasted 00:06:24 (3770 turns).

bande the Chopper (Gargoyle Fighter)                Turns: 3770, Time: 00:06:25

Health: -3/44      AC: 13    Str: 34    XL:     7   Next: 37%
Magic:  7/7        EV: 10    Int: 11    God:
Gold:   518        SH:  4    Dex: 11    Spells: 6/6 levels left

rFire   . . .      SeeInvis .    a - +0 war axe
rCold   . . .      Faith    .    c - +0 buckler
rNeg    + . .      Spirit   .    b - +0 scale mail
rPois   ∞          Reflect  .    (no helmet)
rElec   +          Rampage  .    (no cloak)
rCorr   .                        s - +0 pair of gloves {Str+3}
Will    .....                    (no boots) Stlth
                                 (no amulet)
HPRegen 0.27/turn                p - +6 ring of strength
MPRegen 0.10/turn                t - ring of Ascent {rElec Str+6 Int+2}

@: no status effects
A: sickness immunity, AC +4, negative energy resistance 1, electricity
resistance, torment resistance 1, petrification resistance
a: no special abilities


You were on level 5 of the Dungeon.
You visited 1 branch of the dungeon, and saw 5 of its levels.

You collected 698 gold pieces.
You spent 180 gold pieces at shops.

Inventory:

Hand Weapons
 a - a +0 war axe (weapon)
Armour
 b - a +0 scale mail (worn)
 c - a +0 buckler (worn)
 s - a +0 pair of gloves of strength (worn)
Jewellery
 p - a +6 ring of strength (left hand)
 t - the ring of Ascent (right hand) {rElec Str+6 Int+2}
   (You found it on level 5 of the Dungeon)

   [ring of strength]

   Str:       It affects your strength (+6).
   Int:       It affects your intelligence (+2).
   rElec:     It insulates you from electricity.
Wands
 o - a wand of digging (2)
Scrolls
 g - a scroll of fog
 i - a scroll of poison
 j - a scroll of enchant weapon {unknown}
 k - a scroll of blinking
 l - a scroll of identify {unknown}
 q - a scroll of teleportation {unknown}
Potions
 d - 2 potions of might
 e - 2 potions of curing
 f - 2 potions of heal wounds {unknown}
 h - 3 potions of haste {unknown}
 m - a potion of attraction {unknown}
 n - a potion of ambrosia {unknown}
 r - 3 potions of degeneration {unknown}


   Skills:
 + Level 4.4 Fighting
 + Level 5.2 Axes
 + Level 4.7 Armour
 - Level 0.2 Dodging
 + Level 4.2 Shields
 * Level 1.6 Evocations


You had 6 spell levels left.
You didn't know any spells.
Your spell library contained the following spells:

 Spells                   Type           Power      Damage    Failure   Level
 Hailstorm                Conj/Ice       0%         3d3       95%         3
 Portal Projectile        Hex/Tloc       0%         N/A       95%         3
 Tukima's Dance           Hex            0%         N/A       95%         3
 Ice Form                 Ice/Tmut       0%         N/A       100%        4
 Blade Hands              Tmut           0%         N/A       100%        5
 Simulacrum               Ice/Necr       0%         N/A       100%        6


Dungeon Overview and Level Annotations

Branches:
Dungeon (5/15)
 Temple: D:4-7

Altars:
Ashenzari
Uskayaw
The Shining One

Shops:
D:1 =   D:4 [


Innate Abilities, Weirdness & Mutations

You are immune to sickness and miasma.
Your stone body is resilient. (AC +4)
You are immune to poison.
You resist negative energy. (rN+)
You are resistant to electric shocks. (rElec)
You are resistant to unholy torment.
You are immune to petrification.


Message History

The ogre is heavily wounded.
You hit the ogre but do no damage.
The ogre is heavily wounded.
You barely miss the iguana. The iguana barely misses you.
The ogre hits you with a +0 giant club!
The iguana bites you but does no damage.
You barely miss the ogre.
The ogre is heavily wounded.
You closely miss the iguana. The ogre barely misses you. The iguana bites you!
You are too injured to fight recklessly!
You are too injured to fight recklessly!
You are too injured to fight recklessly!
You are too injured to fight recklessly!
You are too injured to fight recklessly!
You are too injured to fight recklessly!
You are too injured to fight recklessly!
You are too injured to fight recklessly!
You are too injured to fight recklessly!
Unknown command.
You barely miss the iguana. You hit the ogre but do no damage.
The iguana bites you. The ogre closely misses you.
You hit the iguana but do no damage. You hit the ogre.
The iguana closely misses you. You block the ogre's attack.
You block the iguana's attack.
Unknown command.
You hit the iguana.
The iguana is moderately wounded.
You hit the ogre. The ogre hits you but does no damage. The iguana bites you.
Unknown command.
You hit the iguana but do no damage.
The iguana is moderately wounded.
You barely miss the ogre. You block the iguana's attack.
The ogre closely misses you.
Unknown command.
You hit the iguana but do no damage.
The iguana is moderately wounded.
You barely miss the ogre. The iguana bites you.
* * * LOW HITPOINT WARNING * * *
The iguana barely misses you. The ogre hits you with a +0 giant club!
You die...

...#...#........
.........#+###........
......................
......................
....................##
....................#
..............#######
......O.......#.....#
......l@......#....#####
..............#....##...
..............#....#....
..............#....#....
>.######......#....'....
. #......#######...
#......#....##...
#......#.........
#......'.........


You could see an ogre and an iguana.

Vanquished Creatures
  A water moccasin (D:5)
  A howler monkey (D:4)
  3 hounds (D:5)
  3 orc priests
  An iguana (D:5)
  A sleepcap (D:5)
  2 orc wizards
  6 adders
  A white imp (D:5)
  An ufetubus (D:4)
  A worm (D:3)
  3 dart slugs
  13 orcs
  6 bats
  12 endoplasms
  A giant cockroach (D:1)
  7 goblins
  5 hobgoblins
  5 kobolds
  3 quokkas
  7 ball pythons
  3 frilled lizards
  8 rats
  A spectral hobgoblin (D:2)
95 creatures vanquished.

Notes
Turn   | Place    | Note
-------+----------+-------------------------------------------
     0 | D:1      | bande the Gargoyle Fighter began the quest for the Orb.
     0 | D:1      | Reached XP level 1. HP: 14/14 MP: 1/1
    41 | D:1      | Reached XP level 2. HP: 14/19 MP: 2/2
   174 | D:1      | Reached skill level 2 in Axes
   201 | D:1      | Reached XP level 3. HP: 20/23 MP: 3/3
   223 | D:1      | Found Ifoij's Jewellery Boutique.
   638 | D:2      | You fall into a shaft and drop 2 floors!
   711 | D:5      | Entered Level 5 of the Dungeon
   860 | D:4      | Reached skill level 3 in Axes
   860 | D:4      | Reached XP level 4. HP: 23/29 MP: 4/4
   884 | D:4      | HP: 1/29 [orc wizard/+0 dagger (2)]
  1183 | D:4      | Reached XP level 5. HP: 33/33 MP: 5/5
  1361 | D:2      | Found a faded altar of an unknown god.
  1707 | D:3      | Identified a scroll of acquirement
  1707 | D:3      | Acquired 513 gold pieces
  2138 | D:3      | Found a glowing golden altar of the Shining One.
  2144 | D:3      | Found a broken altar of Ashenzari.
  2703 | D:4      | Found a hide-covered altar of Uskayaw.
  2831 | D:4      | Found Litan's Antique Armour Boutique.
  2839 | D:4      | Bought a pair of glowing gloves for 180 gold pieces
  2981 | D:4      | Reached skill level 4 in Axes
  2981 | D:4      | Reached XP level 6. HP: 38/38 MP: 6/6
  3260 | D:5      | Identified the ring of Ascent {rElec Str+6 Int+2}
  3396 | D:5      | Reached skill level 1 in Evocations
  3417 | D:5      | Reached skill level 5 in Axes
  3417 | D:5      | Reached XP level 7. HP: 17/43 MP: 7/7
  3770 | D:5      | Slain by an ogre

Illustrated notes

Levels and vault maps discovered:
D:1:      dpeg_arrival_stone_temple_mockup, layout_rooms, serial_shops,
          nicolae_shop_stone, hex_medium
D:2:      layout_basic, dreamdust_ecumenical_altar_drowned_temple,
          kennysheep_generic_room_4
D:3:      layout_basic, grunt_temple_overflow_open, minmay_misc_feat_chi
D:4:      layout_loops_ring, mainiacjoe_overflow_brackets, serial_shops, shop
D:5:      layout_gridville, nicolae_ru_sacrificial_ziggurat,
          nzn_wu_jian_contemplation, amcnicky_mini_pool_medium,
          uniq_crazy_yiuf_cottage

Skill      XL: |  1  2  3  4  5  6 |
---------------+-------------------+-----
Axes           | 2 3 4 5 |  5.2
Armour         | 4 |  4.7
Fighting       | 4 |  4.4
Shields        | 4 |  4.2
Evocations     | 1 |  1.6
Dodging        | |  0.2

Action                     |  1- 3 |  4- 6 |  7- 9 || total
---------------------------+-------+-------+-------++-------
  Melee: War axe           |   115 |   154 |    28 ||   297
    Use: Potion            |       |     2 |       ||     2
         Scroll            |       |     7 |       ||     7
 Armour: Scale mail        |    89 |   122 |    15 ||   226
  Dodge: Dodged            |    82 |    86 |    17 ||   185
  Block: Buckler           |    36 |    41 |     5 ||    82

Table legend: (Time is in decaauts)
 A = Elapsed time spent in this place.
 B = Non-inter-level travel time spent in this place.
 C = Inter-level travel time spent in this place.
 D = Time resting spent in this place.
 E = Time spent auto-exploring this place.
 F = Levels seen in this place.
 G = Mean time per level.
                   A        B        C        D        E       F      G
               +--------+--------+--------+--------+--------+-----+--------+
         Total |   3887 |   3734 |    153 |    590 |   2222 |   5 |  777.4 |
       Dungeon |   3887 |   3734 |    153 |    590 |   2222 |   5 |  777.4 |
               +--------+--------+--------+--------+--------+-----+--------+

Top non-repeatable levels by time:
     D:3: 1129 daAuts
     D:4: 1013 daAuts
     D:5: 693 daAuts
     D:2: 527 daAuts
     D:1: 523 daAuts
